Map: Base du roi Sejong EC

Players

zidar - Winner!

  • Race: Zerg Zerg
  • League: Platinum
  • Spawn Location: 5:00

ElGatoz

  • Race: Protoss Protoss
  • League: Gold
  • Spawn Location: 11:00

VOD

Have the link to the VOD?

Description

Time

  • Played on: Nov. 19, 2016, 3:19 p.m.
  • Length: 3:40
Show
View Real Time Build Order
Export as new Build Order

zidar Zerg - Winner!

Build Orders: Pool First 

Get SALT Encoding   

  12  0:02  Drone  
  13  0:12  Overlord  
  13  0:17  Drone  
  14  0:30  Drone x2  
  16  0:42  Spawning Pool  
  16  0:46  Drone  
  16  1:10  Hatchery  
  15  1:13  Drone  
  15  1:17  Extractor  
  15  1:29  Drone  
  16  1:34  Queen  
  18  1:46  Zergling x4  
  20  2:01  Evolution Chamber, Drone  
  20  2:02  Drone  
  21  2:27  Queen  
  23  2:33  Zergling x2  
  23  2:34  Zergling x6  
  26  3:09  Drone x2  
  28  3:14  Overlord x3  
Show
View Real Time Build Order
Export as new Build Order

ElGatoz Protoss 

Build Orders:  

Get SALT Encoding   

  13  0:10  Probe (Chrono Boost)  
  13  0:14  Pylon  
  13  0:21  Probe (Chrono Boost)  
  14  0:31  Probe (Chrono Boost)  
  14  0:35  Gateway  
  15  0:42  Probe (Chrono Boost)  
  16  0:52  Probe (Chrono Boost)  
  17  1:03  Probe (Chrono Boost), Pylon  
  18  1:13  Probe (Chrono Boost)  
  19  1:22  Assimilator  
  19  1:24  Probe (Chrono Boost)  
  20  1:28  Cybernetics Core  
  20  1:34  Probe (Chrono Boost)  
  21  1:41  Pylon  
  21  1:45  Probe (Chrono Boost)  
  22  1:59  Nexus  
  22  2:01  Probe (Chrono Boost)  
  23  2:06  Assimilator  
  23  2:15  Probe (Chrono Boost)  
  24  2:18  Adept (Chrono Boost)  
  26  2:31  Gateway  
  26  2:40  Forge  
  26  2:53  Adept (Chrono Boost)  
  28  3:10  Probe x2  
  29  3:20  Probe  
  29  3:22  Probe  
Tags
 
Add a new tag
Caveats
  • Supply blocks, unpowered buildings, or Contaminate may cause inaccurate times.
  • Supply counts are checked every 10 seconds.